 Dungeon Crawl Stone Soup version 0.29-a0-371-g91724d5b39 (webtiles) character file.

Game seed: 5063051668264001859

28 omnomnOMINOUS the Charlatan (level 3, -1/23 HPs)
             Began as an Octopode Wanderer on May 3, 2022.
             Was a Follower of Ru.
             Slain by a gnoll
             ... wielding a +0 whip
              (11 damage)
             ... on level 1 of the Dungeon.
             The game lasted 00:03:21 (847 turns).

omnomnOMINOUS the Charlatan (Octopode Wanderer)      Turns: 847, Time: 00:03:22

Health: -1/23      AC:  1    Str:  7    XL:     3   Next: 12%
Magic:  13/13      EV: 13    Int: 19    God:    Ru [*.....]
Gold:   10         SH:  0    Dex: 12    Spells: 3/4 levels left

rFire   . . .      SeeInvis .   b - +0 spear
rCold   . . .      Faith    .   (no shield)
rNeg    . . .      Spirit   .   c - +0 hat
rPois   .          Reflect  .   (no amulet)
rElec   .          Harm     .   e - ring of magical power
rCorr   .          Rampage  .   (no ring)
Will    .....                   (no ring)
Stlth   ++........              (no ring)
HPRegen 0.07/turn               (no ring)
MPRegen 0.13/turn               (no ring)
                                (no ring)
                                (no ring)

@: no status effects
A: almost no armour, amphibious, 8 rings, camouflage 1, gelatinous body 1,
disrupted magic 1, (nimble swimmer 1), tentacles
a: Renounce Religion


You were on level 1 of the Dungeon.
You worshipped Ru.
Ru was aware of your devotion.
You visited 1 branch of the dungeon, and saw 1 of its levels.

You collected 10 gold pieces.

Inventory:

Hand Weapons
 a - a +0 dagger
 b - a +0 spear (weapon)
Armour
 c - a +0 hat (worn)
 i - a +0 kite shield
Jewellery
 e - a ring of magical power (left tentacle)
 k - a ring of fire
Scrolls
 d - a scroll of fog {unknown}
 g - a scroll of amnesia {unknown}
 h - a scroll of identify {unknown}
Potions
 f - a potion of curing
 j - a potion of might {unknown}


   Skills:
 + Level 1.6 Fighting
 + Level 1.6 Dodging
 - Level 1.0 Spellcasting
 * Level 1.8 Conjurations
 - Level 1.0 Hexes
 - Level 3.0 Air Magic
 - Level 3.2 Evocations


You had 3 spell levels left.
You knew the following spells:

 Your Spells              Type           Power      Damage    Failure   Level
a - Shock                 Conj/Air       40%        1d5       11%         1

Your spell library contained the following spells:

 Spells                   Type           Power      Damage    Failure   Level
 Slow                     Hex            16%        N/A       17%         1
 Corpse Rot               Necr/Air       12%        N/A       22%         2
 Poisonous Vapours        Pois/Air       12%        N/A       22%         2
 Tukima's Dance           Hex            4%         N/A       45%         3


Dungeon Overview and Level Annotations

Branches:
Dungeon (1/15)

Altars:
Ru


Innate Abilities, Weirdness & Mutations

You cannot wear most types of armour.
You are amphibious.
You can wear up to eight rings at the same time.
Your skin changes colour to match your surroundings (Stealth+).
Your rubbery body absorbs attacks. (AC +1, EV +1)
Your casting is slightly disrupted.
((You are camouflaged when in or above water. (Stealth+)))
You have tentacles for arms and can constrict up to eight enemies at once.


Message History

No target in view!
Things that are here:
a +0 whip; 5 stones A kobold comes into view.
It is wielding a +0 short sword.
The kobold shouts!
A gnoll comes into view. It is wielding a +0 whip.
The gnoll shouts!
You hit the kobold. Your grab misses the kobold.
Your squeeze misses the kobold.
The kobold is heavily wounded.
The kobold closely misses you.
You barely miss the kobold. Your grab misses the kobold.
The kobold is heavily wounded.
The kobold hits you with a +0 short sword.
You hit the kobold.
You kill the kobold!
The gnoll barely misses you. x2
You hit the gnoll but do no damage. Your grab misses the gnoll.
You squeeze the gnoll.
The gnoll is heavily wounded.
The gnoll hits you with a +0 whip!
You are too injured to fight recklessly!
You are too injured to fight recklessly!
You are too injured to fight recklessly!
You are too injured to fight recklessly!
You are too injured to fight recklessly!
You are too injured to fight recklessly!
You are too injured to fight recklessly!
You are too injured to fight recklessly!
You are too injured to fight recklessly!
You are too injured to fight recklessly!
You are too injured to fight recklessly!
You are too injured to fight recklessly!
You are too injured to fight recklessly!
You are too injured to fight recklessly!
You hit the gnoll but do no damage. You grab the gnoll. You squeeze the gnoll.
The gnoll is almost dead.
You constrict the gnoll, but do no damage.
The gnoll hits you with a +0 whip!
You die...

#...#
###############...####
........).....'.......
.#.#.#..#######...####
. #.#..## #...# ## ...
##.....# #...# #.
....#....#.# #...# #.
#....#...# ###...# #.
###..@#### #.....###.
#.g)# ##....#... #.#..
#####.#+##.## .....##
#..........# .## ..#
#.#####.#### .. ...#
...# . ..## ###.# ...
..# ...


You could see a gnoll.

Vanquished Creatures
  2 endoplasms (D:1)
  5 goblins (D:1)
  3 hobgoblins (D:1)
  3 ball pythons (D:1)
  3 bats (D:1)
  5 frilled lizards (D:1)
  4 kobolds (D:1)
  3 rats (D:1)
28 creatures vanquished.

Vanquished Creatures (others)
  4 toadstools (D:1)
4 creatures vanquished.

Grand Total: 32 creatures vanquished

Notes
Turn   | Place    | Note
-------+----------+-------------------------------------------
     0 | D:1      | omnomnOMINOUS the Octopode Wanderer began the quest for the
                  | Orb.
     0 | D:1      | omnomnOMINOUS set off with the following items: a +0
                  | dagger, a potion of curing, a +0 hat; and the following
                  | spells available to memorise: Shock, Slow, Corpse Rot,
                  | Poisonous Vapours, Tukima's Dance
     0 | D:1      | Reached XP level 1. HP: 13/13 MP: 2/2
     2 | D:1      | Learned a level 1 spell: Shock
    47 | D:1      | Reached skill level 1 in Conjurations
    47 | D:1      | Reached XP level 2. HP: 16/18 MP: 3/3
   274 | D:1      | Found a faded altar of an unknown god.
   284 | D:1      | Prayed at the altar of an unknown god.
   284 | D:1      | Became a worshipper of Ru the Awakened
   307 | D:1      | Gained mutation: Your casting is slightly disrupted. [Ru
                  | sacrifice]
   307 | D:1      | Reached * piety under Ru
   743 | D:1      | Reached XP level 3. HP: 19/23 MP: 4/4
   847 | D:1      | Slain by a gnoll

Illustrated notes

Levels and vault maps discovered:
D:1:      ldierk_water_garden, layout_basic, ebering_ecumenical_altar_webs,
          minmay_misc_feat_pillars, chequers_serial_rivers_room_b

Skill      XL: |  1 |
---------------+----+-----
Conjurations   | 1 |  1.8
Fighting       | |  1.6
Dodging        | |  1.6
Spellcasting   | |  1.0
Hexes          | |  1.0
Air Magic      | |  3.0
Evocations     | |  3.2

Action                   || total
-------------------------++-------
Melee: Dagger            ||    28
       Constrict         ||    18
       Tentacles         ||    12
       Spear             ||    42
Invok: Sacrifice Essence ||     1
 Stab: Sleeping          ||     4
Armor: Skin              ||     6
Dodge: Dodged            ||    40

Table legend: (Time is in decaauts)
 A = Elapsed time spent in this place.
 B = Non-inter-level travel time spent in this place.
 C = Inter-level travel time spent in this place.
 D = Time resting spent in this place.
 E = Time spent auto-exploring this place.
 F = Levels seen in this place.
 G = Mean time per level.
                   A        B        C        D        E       F      G
               +--------+--------+--------+--------+--------+-----+--------+
         Total |    850 |    850 |      0 |    166 |    410 |   1 |  850.0 |
       Dungeon |    850 |    850 |      0 |    166 |    410 |   1 |  850.0 |
               +--------+--------+--------+--------+--------+-----+--------+

Top non-repeatable levels by time:
     D:1: 850 daAuts
